 Dungeon Crawl Stone Soup version 0.30-a0-956-gcec3b41aec (webtiles) character file.

Game seed: 14037277361006522258

133 DeathPants the Sneak (level 5, 0/25 (28) HPs)
             Began as a Vine Stalker Monk on Mar 29, 2023.
             Slain by a goblin
             ... wielding a +0 club
              (2 damage)
             ... on level 3 of the Dungeon.
             The game lasted 00:09:36 (2839 turns).

DeathPants the Sneak (Vine Stalker Monk)            Turns: 2839, Time: 00:09:37

HP:   0/25 (28)     AC:  5    Str: 20    XL:     5   Next: 16%
MP:   0/7           EV: 10    Int: 12    God:
Gold: 127           SH:  0    Dex: 19    Spells: 4/6 levels left

rFire   + . .      SeeInvis .    h - staff of poison "Liusyuc" {rPois Will+ Dex+3 Stlth+}
rCold   . . .      Faith    .    (no shield)
rNeg    . . .      Spirit   +    b - +0 robe
rPois   +          Reflect  .    s - +0 helmet
rElec   .          Rampage  .    (no cloak)
rCorr   .                        j - +0 pair of gloves
Will    +....                    u - +0 pair of boots
Stlth   ++++                     (no amulet)
HPRegen 1.04/turn                d - +6 ring of strength
MPRegen 0.10/turn                r - ring of protection from fire

@: mighty, grasped by roots, constricted, heavily drained
A: fangs 2, regeneration 1, magic shield, antimagic bite, no potion heal 2
a: no special abilities


You were on level 3 of the Dungeon.
You visited 1 branch of the dungeon, and saw 4 of its levels.

You collected 127 gold pieces.

Inventory:

Hand Weapons
 a - a +0 short sword
 z - a +0 heavy dagger
Missiles
 k - 3 poisoned darts (quivered)
Armour
 b - a +0 robe (worn)
 j - a +0 pair of gloves (worn)
 s - a +0 helmet (worn)
 u - a +0 pair of boots (worn)
Magical Staves
 h - the staff of poison "Liusyuc" (weapon) {rPois Will+ Dex+3 Stlth+}
   (You acquired it on level 2 of the Dungeon)

   [staff of poison]

   Base accuracy: +5 Base damage: 5 Base attack delay: 1.2 This weapon's minimum
   attack delay (0.6) is reached at skill level 12.
   Dex:       It affects your dexterity (+3).
   rPois:     It protects you from poison.
   Will:      It increases your willpower.
   Stlth:     It makes you more stealthy.
   It falls into the 'Staves' category.
   It is a one-handed weapon.
Jewellery
 d - a +6 ring of strength (left hand)
 l - a ring of ice
 r - a ring of protection from fire (right hand)
Scrolls
 e - 2 scrolls of teleportation
 f - a scroll of brand weapon
 i - a scroll of vulnerability {unknown}
 w - a scroll of enchant armour {unknown}
 y - a scroll of enchant weapon {unknown}
 A - a scroll of amnesia {unknown}
Potions
 c - 2 potions of ambrosia
 g - 2 potions of flight
 m - a potion of might
 n - 2 potions of cancellation {unknown}
 o - a potion of resistance {unknown}
 p - a potion of haste {unknown}
 v - a potion of mutation {unknown}
 x - 2 potions of curing {unknown}


   Skills:
 + Level 3.3 Fighting
 - Level 3.2 Short Blades
 + Level 0.8 Staves
 - Level 2.8 Dodging
 - Level 3.3 Stealth
 + Level 1.0 Spellcasting
 + Level 1.0 Air Magic
 + Level 1.0 Poison Magic


You had 4 spell levels left.
You knew the following spells:

 Your Spells              Type           Power      Damage    Failure   Level
a - Poisonous Vapours     Pois/Air       8%         N/A       30%         2

Your spell library contained the following spells:

 Spells                   Type           Power      Damage    Failure   Level
 Sting                    Tmut/Pois      8%         1d3       24%         1
 Olgreb's Toxic Radiance  Pois           4%         N/A       89%         4


Dungeon Overview and Level Annotations

Branches:
Dungeon (4/15)
 Temple: D:4-7

Altars:
Hepliaklqana
Sif Muna

Annotations:
D:3 Ijyb
D:4 Menkaure


Innate Abilities, Weirdness & Mutations

You have extremely sharp teeth.
Your natural rate of healing is unusually fast.
When hurt, damage is shared between your health and your magic reserves.
Your bite disrupts and absorbs the magic of your enemies.
Potions cannot restore your health.


Message History

You hit Ijyb. You bite Ijyb, but do no damage.
Ijyb is lightly wounded.
The goblin hits you but does no damage.
Ijyb zaps a wand.
The roots erupt in riotous growth!
The grasping roots grab you!
The goblin is unaffected.
Ijyb is unaffected.
The grasping roots constrict you.
You hit Ijyb. Your bite misses Ijyb.
Ijyb is lightly wounded.
The goblin hits you but does no damage. Ijyb closely misses you.
The grasping roots constrict you. The goblin hits you but does no damage.
Ijyb closely misses you. The grasping roots constrict you.
You hit Ijyb but do no damage.
Ijyb is lightly wounded.
The goblin hits you with a +0 club. Ijyb hits you but does no damage.
You feel drained. The grasping roots constrict you.
The grasping roots release their grip on you.
You hit Ijyb but do no damage.
Ijyb is lightly wounded.
The goblin hits you with a +0 club. Ijyb completely misses you.
You hit Ijyb.
Ijyb is heavily wounded.
The goblin hits you with a +0 club. Ijyb closely misses you.
You hit Ijyb but do no damage. You bite Ijyb, but do no damage.
Ijyb is heavily wounded.
The goblin hits you with a +0 club. Ijyb screams, "I no like you!"
Ijyb zaps a wand.
The roots erupt in riotous growth!
The grasping roots grab you!
The goblin is unaffected.
Ijyb is unaffected.
The grasping roots constrict you.
* * * LOW HITPOINT WARNING * * *
You hit Ijyb but do no damage. You bite Ijyb, but do no damage.
Ijyb is heavily wounded.
The goblin hits you but does no damage.
Ijyb hits you with a +0 dagger of draining.
* * * LOW HITPOINT WARNING * * *
You feel drained. The grasping roots constrict you.
* * * LOW HITPOINT WARNING * * *
You feel very mighty all of a sudden. The goblin hits you with a +0 club.
You die...

#################
##≈≈..#...#......#
##≈≈≈.)'...'......#
.#≈≈≈..#...#......#
.≈≈#########..##''#
.≈≈#..........#...#
...'..))......#g@.#
...'..........#.g.#
...'..........#...#
.≈≈#..........#...#
†≈≈#########..#...#
.#≈≈≈..# #..#...#
.#≈≈≈.g+ +..##+##
.##≈≈..# # ># ≈≈..#


You could see Ijyb and a goblin.

Vanquished Creatures
  5 adders
  An ufetubus (D:3)
  A dart slug (D:2)
  3 worms (D:2)
  9 orcs (D:3)
  2 ball pythons
  An endoplasm (D:3)
  3 giant cockroaches
  8 goblins
  5 hobgoblins
  6 jackals (D:3)
  5 kobolds
  5 quokkas
  3 bats
  2 rats (D:3)
59 creatures vanquished.

Notes
Turn   | Place    | Note
-------+----------+-------------------------------------------
     0 | D:1      | DeathPants the Vine Stalker Monk began the quest for the
                  | Orb.
     0 | D:1      | Reached XP level 1. HP: 11/11 MP: 2/2
   185 | D:1      | Reached XP level 2. HP: 13/16 MP: 3/3
  1136 | D:2      | Reached XP level 3. HP: 10/20 MP: 2/4
  1229 | D:2      | Learned a level 2 spell: Poisonous Vapours
  1444 | D:2      | Found a hazy altar of Hepliaklqana.
  2056 | D:2      | Gained mutation: Your natural rate of healing is unusually
                  | fast. [Vine Stalker growth]
  2056 | D:2      | Reached XP level 4. HP: 24/24 MP: 5/5
  2312 | D:2      | Identified a scroll of acquirement
  2312 | D:2      | Acquired the staff of poison "Liusyuc" {rPois Will+ Dex+3
                  | Stlth+}
  2541 | D:4      | Noticed Menkaure
  2541 | D:4      | Found a shimmering blue altar of Sif Muna.
  2691 | D:3      | Reached XP level 5. HP: 28/28 MP: 7/7
  2707 | D:3      | Reached skill level 1 in Spellcasting
  2759 | D:3      | Reached skill level 1 in Air Magic
  2824 | D:3      | Noticed Ijyb
  2828 | D:3      | Reached skill level 1 in Poison Magic
  2838 | D:3      | HP: 1/25 [constriction (4)]
  2839 | D:3      | Slain by a goblin

Illustrated notes

Levels and vault maps discovered:
D:1:      dpeg_arrival_connections, layout_loops_corners, minmay_misc_feat_chi,
          minmay_tetromino_s4
D:2:      layout_basic, basic_altar
D:3:      kennysheep_goblin_castle, layout_basic
D:4:      layout_rooms, nicolae_sif_muna_condensation, ebering_ghost_sewer_f,
          uniq_crazy_yiuf_cottage, uniq_menkaure

Skill      XL: |  1  2  3  4  5 |
---------------+----------------+-----
Short Blades   | 3 |  3.2
Stealth        | 3 |  3.3
Fighting       | 3 |  3.3
Spellcasting   | 1 |  1.0
Air Magic      | 1 |  1.0
Poison Magic   | 1 |  1.0
Staves         | |  0.8
Dodging        | |  2.8

Action                     |  1- 3 |  4- 6 || total
---------------------------+-------+-------++-------
  Melee: Short sword       |   110 |       ||   110
         Bite              |    25 |    37 ||    62
         Punch             |     1 |     1 ||     2
         Dagger            |     1 |     2 ||     3
         Staff             |       |   115 ||   115
  Throw: Dart              |     3 |       ||     3
    Use: Scroll            |       |     8 ||     8
         Potion            |       |     1 ||     1
   Stab: Sleeping          |     3 |     4 ||     7
 Armour: Robe              |    15 |    60 ||    75
  Dodge: Dodged            |    48 |   129 ||   177

Table legend: (Time is in decaauts)
 A = Elapsed time spent in this place.
 B = Non-inter-level travel time spent in this place.
 C = Inter-level travel time spent in this place.
 D = Time resting spent in this place.
 E = Time spent auto-exploring this place.
 F = Levels seen in this place.
 G = Mean time per level.
                   A        B        C        D        E       F      G
               +--------+--------+--------+--------+--------+-----+--------+
         Total |   2842 |   2800 |     42 |      0 |   2097 |   4 |  710.5 |
       Dungeon |   2842 |   2800 |     42 |      0 |   2097 |   4 |  710.5 |
               +--------+--------+--------+--------+--------+-----+--------+

Top non-repeatable levels by time:
     D:2: 1280 daAuts
     D:1: 1031 daAuts
     D:3: 524 daAuts
     D:4: 5 daAuts
